Map: Temple gelé

Players

Lukasz

  • Race: Zerg Zerg
  • Spawn Location: 5:00

zidar - Winner!

  • Race: Zerg Zerg
  • League: Silver
  • Spawn Location: 11:00

VOD

Have the link to the VOD?

Description

Time

  • Played on: May 11, 2016, 2:56 p.m.
  • Length: 11:20
Show
View Real Time Build Order
Export as new Build Order

Lukasz Zerg 

Build Orders: Pool First, Zergling Baneling 

Get SALT Encoding   

  12  0:01  Drone  
  13  0:13  Overlord  
  13  0:18  Drone  
  14  0:27  Extractor  
  14  0:28  Drone  
  14  0:33  Drone  
  16  0:39  Drone  
  17  0:50  Spawning Pool  
  17  0:52  Drone  
  17  0:53  Extractor  
  16  1:02  Drone  
  17  1:12  Drone  
  18  1:26  Drone  
  19  1:48  Hatchery  
  19  1:52  Zergling x2  
  19  1:53  Zergling x4  
  21  2:07  Baneling Nest  
  20  2:16  Metabolic Boost  
  20  2:19  Zergling x4  
  22  2:36  Overlord  
  22  2:37  Overlord  
  22  2:52  Overlord  
  22  2:54  Queen  
  24  3:00  Baneling x3  
  24  3:02  Zergling x4  
  24  3:32  Zergling x10  
  27  3:36  Overlord  
  27  3:38  Queen  
  28  3:43  Lair  
  28  3:44  Drone x2  
  22  4:11  Zergling x8  
  26  4:27  Extractor, Drone  
  26  4:28  Drone x4  
  30  4:36  Baneling x5  
  23  4:59  Drone  
  23  5:00  Drone x6  
  28  5:18  Spine Crawler  
  28  5:20  Spine Crawler  
  26  5:21  Spine Crawler  
  25  5:33  Zergling x8  
  25  5:34  Zergling x4  
  26  5:57  Drone x2  
  28  6:00  Baneling  
  28  6:03  Baneling  
  26  6:20  Spire  
  25  6:34  Drone x3  
  28  6:54  Baneling  
  28  6:55  Baneling  
  28  7:00  Drone x5  
  33  7:03  Queen  
  35  7:14  Queen  
  37  7:16  Drone x2  
  39  7:24  Extractor  
  39  7:28  Extractor  
  37  7:32  Mutalisk x2  
  37  7:45  Mutalisk  
  38  8:11  Hatchery  
  11  9:02  Drone  
  12  9:03  Drone x5  
  11  9:52  Drone x3  
  9  10:10  Drone  
  9  10:11  Queen  
  10  10:31  Drone x2  
  12  10:51  Drone x2  
  12  10:54  Extractor  
  12  10:56  Extractor  
Show
View Real Time Build Order
Export as new Build Order

zidar Zerg - Winner!

Build Orders: Hatch First 

Get SALT Encoding   

  12  0:01  Drone  
  13  0:13  Overlord  
  13  0:17  Drone  
  14  0:33  Drone x2  
  16  0:38  Drone  
  17  0:56  Hatchery  
  16  0:58  Drone  
  17  1:14  Spawning Pool  
  17  1:15  Drone  
  17  1:20  Extractor  
  16  1:31  Drone x2  
  16  1:32  Drone  
  19  1:45  Overlord  
  19  1:54  Drone  
  19  2:01  Queen  
  21  2:09  Queen  
  21  2:13  Zergling x2  
  21  2:14  Zergling x2  
  25  2:19  Metabolic Boost  
  26  2:22  Zergling x2  
  26  2:26  Zergling x2  
  27  2:36  Zergling x4  
  29  3:04  Zergling x2  
  29  3:05  Zergling x10  
  29  3:52  Zergling x12  
  29  4:27  Zergling x14  
  34  4:48  Zergling x2  
  34  4:51  Overlord x4  
  27  5:32  Zergling x12  
  30  6:05  Roach Warren  
  29  6:12  Spore Crawler  
  29  6:16  Spore Crawler  
  29  6:18  Spore Crawler  
  21  6:19  Spore Crawler  
  19  6:37  Lair  
  19  6:44  Roach x12  
  43  7:03  Drone x6  
  49  7:08  Hatchery  
  48  7:17  Drone x3  
  48  8:10  Roach x10  
  64  8:32  Roach x6  
  64  8:49  Roach x4  
  62  9:44  Roach x5  
  62  9:45  Roach x3  
  69  10:15  Overlord x4  
  69  10:16  Overlord x2  
  71  11:10  Spire  
  70  11:14  Extractor  
Tags
 
League
Silver
Matchup
ZvZ
Race
Zerg
Spawn Locations
Cross Positions
Add a new tag
Caveats
  • Supply blocks, unpowered buildings, or Contaminate may cause inaccurate times.
  • Supply counts are checked every 10 seconds.